 Dungeon Sprint DCSS version 0.23-b1-67-g8bd44de (webtiles) character file.

Game seed: 10098164016783648884

872 poirepourri the Severer (level 7, -5/70 HPs)
             Began as a Deep Dwarf Fighter on Feb 5, 2019.
             Slain by a tyrant leech (23 damage)
             ... in the Dungeon (Sprint II: "The Violet Keep of Menkaure").
             The game lasted 00:02:51 (301 turns).

poirepourri the Severer (Deep Dwarf Fighter)         Turns: 301, Time: 00:02:51

Health: -5/70      AC: 13    Str: 19    XL:     7   Next: 74%
Magic:  7/7        EV: 10    Int:  9    God:
Gold:   1          SH: 10    Dex: 19    Spells: 6/6 levels left

rFire    + . .     SeeInvis .   a - +0 war axe
rCold    . . .     Gourm    .   c - +0 shield
rNeg     . . .     Faith    .   e - +3 chain mail {rF+}
rPois    .         Spirit   .   (no helmet)
rElec    .         Reflect  .   l - +0 cloak {MR+}
rCorr    .         Harm     .   (no gloves)
MR       ++...     NoTele   +   (no boots)
Stlth    ..........             (no amulet)
HPRegen  0.00/turn              (no ring)
MPRegen  0.10/turn              (no ring)

@: agile, very slightly contaminated, non-regenerating
A: damage resistance, heal wounds, sense surroundings 1, no regeneration
a: Heal Wounds


You were in the Dungeon.
You were not hungry.

You visited 1 branch You collected 486 gold pieces.
You spent 485 gold pieces at shops.

Inventory:

Hand Weapons
 a - a +0 war axe (weapon)
Armour
 c - a +0 shield (worn)
 e - a +3 chain mail of fire resistance (worn)
 l - a +0 cloak of magic resistance (worn)
Potions
 h - a potion of haste
 i - 2 potions of magic
Comestibles
 d - 2 chunks of flesh
 f - a ration


   Skills:
 + Level 6.3 Fighting
 - Level 16.2 Axes
 - Level 3.2 Armour
 - Level 3.2 Shields


You had 6 spell levels left.
You didn't know any spells.
Your spell library was empty.

Dungeon Overview and Level Annotations

Branches:
Dungeon (1/1)

Altars:

Shops:
D :}:[[?:=!(%!%!=[

Annotations:
D exclusion: oklob plant


Innate Abilities, Weirdness & Mutations

You are resistant to damage.
You can heal yourself by infusing magical energy.
You passively map a small area around you.
You do not regenerate.


Message History

The tyrant leech barely misses you.
You hit the tyrant leech but do no damage.
The tyrant leech is lightly wounded.
You slash the tyrant leech!
The tyrant leech is moderately wounded.
The tyrant leech bites you!
The tyrant leech draws strength from your injuries!
You hit the tyrant leech.
The tyrant leech is moderately wounded.
Your shield and chain mail prevent you from hitting the tyrant leech.
The tyrant leech is moderately wounded.
The tyrant leech bites you!!
* * * LOW HITPOINT WARNING * * *
The tyrant leech draws strength from your injuries!
You hit the tyrant leech.
The tyrant leech is lightly wounded.
You closely miss the tyrant leech.
The tyrant leech is lightly wounded.
The tyrant leech bites you!!
You die...

#∩.∩...∩.#≈≈≈≈#..#).# ,..#,, ,
#.∩.∩.∩.∩#≈≈####...## #..##* ,
#..∩.∩.∩.#≈##.###'###.##..# ,
#...∩.∩..#≈#,#.##.##...#..# ,
#....⌠...÷≈+ #†.<.+# #'§.### ,
#........#≈# #.##.##$..#....###.
▓▓▓▓▓▓▓###≈##.###'###.##......§≈
#)Zh######≈≈####.#.####≈≈.....≈#
#!Zh#H + ##≈≈≈#.@#..#§w≈≈÷≈≈.§≈#
#∩P(+H$ + #†#≈###w###≈≈≈≈§≈≈§.≈#
#$.$#?#* #(#≈≈##w##≈≈≈§≈≈≈≈§≈≈#
, * ####≈≈≈≈≈≈≈≈≈≈≈§§≈≈§≈# * ,
#+++#+++#≈≈≈≈≈§§§≈# ≈ *
,○....,##≈≈≈###≈≈# * ≈
.°○..°...##§§# *§≈#
+°.°.○8°....+§≈#
##......○..##≈§§≈ ≈


You could see an ice statue and 2 tyrant leeches.

Vanquished Creatures
  A merfolk siren (D)
  2 hippogriffs (D)
  Menkaure (D)
  A crocodile (D)
  A scorpion (D)
  4 worker ants (D)
10 creatures vanquished.

Vanquished Creatures (others)
  A crocodile (D)
1 creature vanquished.

Grand Total: 11 creatures vanquished

Notes
Turn   | Place    | Note
-------+----------+-------------------------------------------
     0 | D        | poirepourri the Deep Dwarf Fighter began the quest for the
                  | Orb.
     0 | D        | Reached XP level 1. HP: 20/20 MP: 1/1
     1 | D        | Noticed a merfolk siren
    13 | D        | Killed a merfolk siren
    13 | D        | Reached skill level 13 in Axes
    13 | D        | Reached XP level 2. HP: 27/27 MP: 2/2
    13 | D        | Reached XP level 3. HP: 33/33 MP: 3/3
    13 | D        | Reached XP level 4. HP: 40/40 MP: 4/4
    13 | D        | Reached XP level 5. HP: 46/46 MP: 5/5
    13 | D        | Reached XP level 6. HP: 55/55 MP: 6/6
    24 | D        | Noticed a hippogriff
    24 | D        | Noticed a hippogriff
    28 | D        | Killed a hippogriff
    28 | D        | Reached skill level 15 in Axes
    37 | D        | Killed a hippogriff
    37 | D        | Reached skill level 16 in Axes
    37 | D        | Reached XP level 7. HP: 61/61 MP: 7/7
    62 | D        | Noticed a tyrant leech
    62 | D        | Noticed a tyrant leech
    95 | D        | Noticed Menkaure
    98 | D        | Killed Menkaure
    98 | D        | Reached skill level 5 in Fighting
   100 | D        | Noticed an ice statue
   108 | D        | Found Rizyorao's Distillery.
   108 | D        | Found Laug Qocic's Distillery.
   109 | D        | Found Lygi Roost's Antique Weapon Boutique.
   109 | D        | Found Qatuj's Food Boutique.
   110 | D        | Found Nimuturgh's Distillery.
   110 | D        | Found Ynamir's Antique Armour Shop.
   110 | D        | Found Beil's Jewellery Shop.
   111 | D        | Found Xyaroibb's Book Shop.
   111 | D        | Found Wehu Mok's Magic Scroll Boutique.
   111 | D        | Found Xeixto Kaup's Jewellery Boutique.
   111 | D        | Noticed a polar bear
   112 | D        | Found Ucuoj's Food Boutique.
   114 | D        | Found Ucsiuckaus's Antique Armour Boutique.
   114 | D        | Found Igifinas's Antique Armour Shop.
   114 | D        | Noticed a polar bear
   114 | D        | Noticed an oklob plant
   115 | D        | Found Yget's Gadget Shop.
   115 | D        | Found Tufibire's Book Boutique.
   115 | D        | Found Zujuzxeu's Book Shoppe.
   147 | D        | Noticed a manticore
   147 | D        | Noticed a manticore
   171 | D        | Bought a runed chain mail for 165 gold pieces
   175 | D        | Bought a potion of heal wounds for 65 gold pieces
   205 | D        | Bought a potion of heal wounds for 50 gold pieces
   205 | D        | Bought a potion of agility for 40 gold pieces
   217 | D        | Bought a runed cloak for 165 gold pieces
   301 | D        | Slain by a tyrant leech

Skill      XL: |  1  2  3  4  5  6  7 |
---------------+----------------------+-----
Axes           | 13 16 | 16.2
Fighting       | 6 |  6.3
Armour         | |  3.2
Shields        | |  3.2

Action                   |  1- 3 |  4- 6 |  7- 9 || total
-------------------------+-------+-------+-------++-------
Melee: War axe           |     8 |    12 |    57 ||    77
 Abil: Heal Wounds       |       |       |     1 ||     1
  Use: Potion            |     2 |     1 |     4 ||     7
       Scroll            |       |       |     1 ||     1
Armor: Scale mail        |       |     5 |     5 ||    10
       Chain mail        |       |       |     5 ||     5
Dodge: Dodged            |     1 |     3 |    11 ||    15
Block: Shield            |       |     2 |     8 ||    10
